 Dungeon Crawl Stone Soup version 0.13-a0-3133-gec0fa00 (webtiles) character file.

1201 Kae the Ruinous (level 8, 0/41 HPs)
             Began as a Tengu Fire Elementalist on Sept 21, 2013.
             Succumbed to a scorpion's poison
             ... on Level 5 of the Dungeon.
             The game lasted 00:07:44 (4901 turns).

Kae the Ruinous (Tengu Fire Elementalist)           Turns: 4901, Time: 00:07:44

HP   0/41        AC  2     Str 11      XL: 8   Next: 16%
MP  19/19        EV 12     Int 23      God:
Gold 228         SH 10     Dex 15      Spells:  4 memorised,  4 levels left

Res.Fire  : . . .   See Invis. : .   (no weapon)
Res.Cold  : . . .   Warding    : .   a - +0 robe
Life Prot.: . . .   Conserve   : .   D - +0 buckler of Dishonesty {Str+3 Int+5}
Res.Poison: .       Res.Corr.  : .   (helmet restricted)
Res.Elec. : .       Clarity    : .   (no cloak)
Sust.Abil.: . .     Spirit.Shd : .   (no gloves)
Res.Mut.  : .       Stasis     : .   (boots unavailable)
Res.Rott. : .       Flight     : .   (no amulet)
Saprovore : . . .                    (no ring)
                                     (no ring)

@: quite poisoned, hasted, very quick, slightly resistant to hostile
enchantments, fairly stealthy
A: able to fly, beak, talons 3
a: Fly


You were on level 5 of the Dungeon.
You were hungry.

You visited 1 branch of the dungeon, and saw 5 of its levels.

You collected 208 gold pieces.

Inventory:

Missiles
 e - 30 darts (quivered)
 j - 13 exploding darts
 s - 3 darts of frost
 y - 11 darts of flame
Armour
 a - a +0 robe (worn)
 g - a +0 buckler
 D - the cursed +0 buckler of Dishonesty (worn) {Str+3 Int+5}
   (You found it on level 4 of the Dungeon)

   It affects your strength (+3).
   It affects your intelligence (+5).
   It has a curse placed upon it.
Comestibles
 c - 2 bread rations
 o - 3 chokos
 r - 6 sultanas
 z - 2 pears
Scrolls
 d - 5 scrolls of teleportation {unknown}
 h - 4 scrolls of identify {unknown}
 i - a scroll of magic mapping {unknown}
 l - 4 scrolls of random uselessness {unknown}
 m - 2 scrolls of blinking {unknown}
 t - a scroll of fog {unknown}
 u - 4 scrolls of remove curse {unknown}
 v - 3 scrolls of fear {unknown}
 w - 2 scrolls of curse armour {unknown}
 C - 2 scrolls of enchant weapon I {unknown}
Jewellery
 p - an uncursed amulet of inaccuracy {unknown}
 x - an uncursed amulet of rage
Potions
 f - a potion of might {unknown}
 n - 2 potions of curing {unknown}
 q - a potion of confusion {unknown}
 B - 2 potions of speed
Books
 b - a book of Flames

   Spells                             Type                      Level
   *Flame Tongue                      Conjuration/Fire             1
   *Throw Flame                       Conjuration/Fire             2
   *Conjure Flame                     Conjuration/Fire             3
   Inner Flame                        Hexes/Fire                   3
   *Sticky Flame                      Conjuration/Fire             4
   Fireball                           Conjuration/Fire             5
 A - a book of Fire

   Spells                             Type                      Level
   Fire Brand                         Charms/Fire                  2
   Ignite Poison                      Fire/Transmutation           5
   Fireball                           Conjuration/Fire             5
   Bolt of Fire                       Conjuration/Fire             6
   Delayed Fireball                   Conjuration/Fire             7
   Ring of Flames                     Charms/Fire                  7


   Skills:
 - Level 2.1 Dodging
 - Level 2.0 Stealth
 + Level 3.7 Shields
 + Level 3.8 Spellcasting
 * Level 7.5 Conjurations
 + Level 5.5 Fire Magic


You had 4 spell levels left.
You knew the following spells:

 Your Spells              Type           Power        Failure   Level  Hunger
a - Flame Tongue          Conj/Fire      ####.        1%          1    None
b - Throw Flame           Conj/Fire      ####..       1%          2    #......
c - Conjure Flame         Conj/Fire      ####....     1%          3    ###....
d - Sticky Flame          Conj/Fire      ####....     10%         4    ####...


Dungeon Overview and Level Annotations

Branches:
Dungeon (5/27)
 Temple: D:4-7

Altars:
Nemelex Xobeh


Innate Abilities, Weirdness & Mutations

You can fly.
You have a beak for a mouth.
You have claws for feet.


Message History

* * * LOW HITPOINT WARNING * * *
You feel sick.
You start resting.
* * * LOW HITPOINT WARNING * * *
You feel sick.
You start resting.
* * * LOW HITPOINT WARNING * * *
You feel sick.
You start resting.
* * * LOW HITPOINT WARNING * * *
You feel sick.
You start resting.
* * * LOW HITPOINT WARNING * * *
You feel sick.
You start resting.
* * * LOW HITPOINT WARNING * * *
You feel sick.
Drink which item? (? for menu, Esc to quit)
You feel yourself speed up.
It was a potion of speed.
You die...

.....%....# #.#.#
#.# #.>...
..........# #.#.#
#..##.
..........# #.#..
#.. #.
..........# #.#
#. ..........#
#.# ##
.....#+#### #.#
#.. .....#
##.#######. ...
.....#
#######..........
... ....#
........@#######.
...
######..%........
.. #....###### .
#....# #+# #....#
#.# #....# #.#
#....#
##.########
#....#
##.##.....# # ...


There were no monsters in sight!

Vanquished Creatures
  Grinder (D:3)
  2 ogres (D:4)
  A phantom (D:5)
  2 hounds
  2 orc priests
  A gnoll shaman (D:4)
  A scorpion (D:5)
  4 worker ants
  5 gnolls (D:5)
  6 adders
  3 worms
  2 giant geckos
  11 orcs (D:3)
  A ball python (D:4)
  3 giant cockroaches
  7 goblins
  10 hobgoblins
  5 jackals
  14 kobolds
  9 bats
  2 giant newts
  10 rats
102 creatures vanquished.

Notes
Turn   | Place    | Note
--------------------------------------------------------------
     0 | D:1      | Kae, the Tengu Fire Elementalist, began the quest for the Orb.
     0 | D:1      | Reached XP level 1. HP: 10/10 MP: 3/3
   153 | D:1      | Reached XP level 2. HP: 12/15 MP: 1/5
   945 | D:2      | Reached XP level 3. HP: 19/19 MP: 0/7
  1577 | D:2      | Reached skill level 1 in Shields
  1655 | D:2      | Reached XP level 4. HP: 20/24 MP: 3/9
  2144 | D:3      | Learned a level 2 spell: Throw Flame
  2148 | D:3      | Learned a level 3 spell: Conjure Flame
  2324 | D:2      | HP: 1/24 [orc priest/orcish club (5)]
  2328 | D:2      | Reached skill level 4 in Fire Magic
  2328 | D:2      | Reached XP level 5. HP: 22/28 MP: 9/11
  2414 | D:3      | Noticed Grinder
  3188 | D:3      | Paralysed by Grinder for 3 turns
  3194 | D:3      | Killed Grinder
  3194 | D:3      | Reached skill level 5 in Conjurations
  3194 | D:3      | Reached XP level 6. HP: 32/32 MP: 7/14
  3194 | D:3      | Reached XP level 7. HP: 36/36 MP: 8/16
  3282 | D:4      | Reached skill level 6 in Conjurations
  3288 | D:4      | Learned a level 4 spell: Sticky Flame
  3378 | D:4      | Reached skill level 5 in Fire Magic
  3485 | D:4      | Found a sparkling altar of Nemelex Xobeh.
  4175 | D:4      | Got a pitted buckler
  4181 | D:4      | Identified the cursed +0 buckler of Dishonesty {Str+3 Int+5} (You found it on level 4 of the Dungeon)
  4186 | D:5      | Entered Level 5 of the Dungeon
  4195 | D:5      | Reached skill level 7 in Conjurations
  4491 | D:5      | Reached XP level 8. HP: 41/41 MP: 13/19
  4899 | D:5      | HP: 2/41 [poisoned by a scorpion]
  4901 | D:5      | Succumbed to a scorpion's poison

Action                   |  1- 3 |  4- 6 |  7- 9 || total
-------------------------+-------+-------+-------++-------
Melee: Unarmed           |    13 |    17 |     1 ||    31
 Cast: Flame Tongue      |    43 |    89 |    99 ||   231
       Throw Flame       |       |     3 |     1 ||     4
       Conjure Flame     |       |     1 |     5 ||     6
       Sticky Flame      |       |       |     1 ||     1
  Use: Potion            |       |     3 |     1 ||     4
 Stab: Sleeping          |     1 |       |       ||     1
